 Dungeon Crawl Stone Soup version 0.30-a0-358-g0d69a1922f (webtiles) character file.

Game seed: 3750747545512869335

1517 tognito the Ducker (level 8, -6/106 HPs)
             Began as a Minotaur Berserker on Nov 10, 2022.
             Was an Elder of Trog.
             Killed by divine providence
             ... invoked by an orc priest
              (8 damage)
             ... on level 7 of the Dungeon.
             The game lasted 00:09:59 (5847 turns).

tognito the Ducker (Minotaur Berserker)             Turns: 5847, Time: 00:10:00

Health: -6/106     AC: 16    Str: 25    XL:     8   Next: 54%
Magic:  7/7        EV:  9    Int:  4    God:    Trog [****..]
Gold:   430        SH:  0    Dex:  9    Spells: 7/7 levels left

rFire   . . .      SeeInvis .    a - +0 battleaxe
rCold   . . .      Faith    .    (shield currently unavailable)
rNeg    . . .      Spirit   .    d - +0 plate armour
rPois   .          Reflect  .    (helmet restricted)
rElec   .          Harm     .    x - +0 cloak
rCorr   .          Rampage  .    w - +0 pair of gloves
Will    .....                    l - +0 pair of boots
Stlth   ..........               (no amulet)
HPRegen 0.37/turn                (no ring)
MPRegen 0.10/turn                (no ring)

@: berserking (expiring), very quick
A: horns 2, retaliatory headbutt
a: Renounce Religion, Berserk, Trog's Hand, Brothers in Arms


You were on level 7 of the Dungeon.
You worshipped Trog.
Trog was greatly pleased with you.
You visited 1 branch of the dungeon, and saw 7 of its levels.

You collected 430 gold pieces.

Inventory:

Hand Weapons
 a - a +0 battleaxe (weapon)
Missiles
 h - 12 poisoned darts
 i - 20 boomerangs
 j - a throwing net
 o - 38 stones
 t - 3 javelins (quivered)
Armour
 d - a +0 plate armour (worn)
 l - a +0 pair of boots (worn)
 w - a +0 pair of gloves (worn)
 x - a +0 cloak (worn)
Wands
 s - a wand of flame (32)
Scrolls
 b - a scroll of vulnerability {unknown}
 c - 7 scrolls of identify {unknown}
 e - 2 scrolls of blinking {unknown}
 f - a scroll of amnesia {unknown}
 g - a scroll of summoning {unknown}
 k - a scroll of enchant armour {unknown}
 m - 6 scrolls of fog {unknown}
 n - a scroll of magic mapping {unknown}
 q - a scroll of brand weapon {unknown}
 r - 4 scrolls of teleportation {unknown}
 u - 2 scrolls of noise {unknown}
 v - a scroll of torment {unknown}
Potions
 p - a potion of cancellation
 z - a potion of mutation {unknown}
 A - a potion of resistance


   Skills:
 + Level 6.4 Fighting
 + Level 6.4 Axes
 + Level 4.9 Staves
 + Level 5.5 Armour
 * Level 7.1 Dodging


You had 7 spell levels left.
You didn't know any spells.
Your spell library was empty.

Dungeon Overview and Level Annotations

Branches:
Dungeon (7/15)             Temple (0/1) D:7

Altars:


Innate Abilities, Weirdness & Mutations

You have a pair of horns on your head.
You reflexively headbutt those who attack you in melee.


Message History

The orc warrior hits you but does no damage.
The orc hits you but does no damage.
You closely miss the orc warrior.
The orc warrior is lightly wounded.
The orc shouts!
You slice the orc wizard!!
You kill the orc wizard!
Trog accepts your kill.
Trog appreciates your killing of a magic user.
You slice the orc!!
You kill the orc!
Trog accepts your kill.
You hear a shout!
The orc warrior hits you but does no damage.
You barely miss the orc warrior. Your headbutt misses the orc warrior.
The orc warrior is lightly wounded.
The orc warrior hits you with a +0 broad axe!
* * * LOW HITPOINT WARNING * * *
You slice the orc warrior!!
The orc warrior is severely wounded.
You closely miss the orc.
You hear a shout!
The orc warrior barely misses you. The orc hits you but does no damage.
You slash the orc!
You kill the orc!
Trog accepts your kill.
You barely miss the orc warrior. The orc warrior closely misses you.
An orc priest comes into view. It is wielding a +0 club.
You hit the orc warrior but do no damage.
Your headbutt misses the orc warrior.
The orc warrior is severely wounded.
The orc warrior hits you with a +0 broad axe.
* * * LOW HITPOINT WARNING * * *
You barely miss the orc warrior.
The orc warrior is severely wounded.
You closely miss the orc warrior. Your headbutt misses the orc warrior.
The orc warrior is severely wounded.
The orc priest calls down the wrath of Beogh upon you.
Beogh smites you!
You die...

## .#
............
.## ?..........
..# ...........
..## ...>....#
...## #..
#......#
....##..# .....
.......# ##.o#
.<....## #o@.#
# ##....#
##).##.'o.
#....#
##..o..)#
##....#
##..###..#
#.....## ##..##
#.#
...##..####..##
.#
..####......##
. .## #.....##
. #######....##


You could see an orc warrior, an orc priest and an orc.

Vanquished Creatures
  Menkaure (D:7)
  A water moccasin (D:7)
  A sky beast (D:6)
  A phantom (D:5)
  A kobold brigand (D:6)
  2 bullfrogs
  A necrophage (D:6)
  A scorpion (D:4)
  3 howler monkeys
  A gnoll bouda (D:5)
  A hound (D:5)
  3 jellies (D:5)
  Ijyb (D:5)
  5 iguanas
  2 orc wizards
  9 adders
  12 gnolls
  3 white imps
  An ufetubus (D:5)
  21 orcs
  9 endoplasms
  5 giant cockroaches
  10 goblins
  3 hobgoblins
  2 jackals (D:2)
  11 kobolds
  6 quokkas
  11 ball pythons
  5 bats
  A frilled lizard (D:1)
  7 rats
141 creatures vanquished.

Vanquished Creatures (others)
  18 plants
18 creatures vanquished.

Grand Total: 159 creatures vanquished

Notes
Turn   | Place    | Note
-------+----------+-------------------------------------------
     0 | D:1      | tognito the Minotaur Berserker began the quest for the Orb.
     0 | D:1      | Reached XP level 1. HP: 19/19 MP: 0/0
    65 | D:1      | Reached XP level 2. HP: 5/27 MP: 1/1
   494 | D:1      | Reached skill level 1 in Staves
   553 | D:1      | Reached ** piety under Trog
   712 | D:1      | Reached XP level 3. HP: 32/33 MP: 2/2
   932 | D:2      | Reached skill level 3 in Dodging
  1427 | D:2      | Reached XP level 4. HP: 40/40 MP: 3/3
  2479 | D:3      | Reached XP level 5. HP: 47/47 MP: 4/4
  2530 | D:3      | Reached *** piety under Trog
  3007 | D:4      | Reached skill level 4 in Dodging
  3381 | D:4      | Reached XP level 6. HP: 48/53 MP: 5/5
  3742 | D:5      | Entered Level 5 of the Dungeon
  4096 | D:5      | Reached skill level 5 in Axes
  4246 | D:5      | Reached skill level 5 in Fighting
  4246 | D:5      | Reached skill level 5 in Dodging
  4404 | D:5      | Noticed Ijyb
  4407 | D:5      | Reached XP level 7. HP: 37/61 MP: 6/6
  4414 | D:5      | Killed Ijyb
  4883 | D:6      | Reached **** piety under Trog
  4959 | D:6      | Reached skill level 6 in Dodging
  5103 | D:6      | Reached XP level 8. HP: 69/70 MP: 7/7
  5248 | D:6      | Reached skill level 5 in Armour
  5477 | D:7      | Noticed Menkaure
  5482 | D:7      | Killed Menkaure
  5665 | D:7      | Identified the +1 robe of the Centipede {rPois Regen+
                  | Str+4}
  5751 | D:7      | Found a staircase to the Ecumenical Temple.
  5757 | D:7      | Reached skill level 7 in Dodging
  5842 | D:7      | HP: 5/106 [orc warrior/+0 broad axe (8)]
  5845 | D:7      | HP: 2/106 [orc warrior/+0 broad axe (4)]
  5847 | D:7      | Killed from afar by an orc priest

Illustrated notes

Levels and vault maps discovered:
D:1:      minmay_arrival_open_corners, layout_rooms, serial_forest,
          infiniplex_forest_lined_corner, infiniplex_forest_straight_3,
          infiniplex_forest_end_3, infiniplex_forest_clump_medium,
          infiniplex_forest_corner_1, infiniplex_forest_clump_long
D:2:      layout_loops_corners, minmay_hexomino_u4
D:3:      wander_river, layout_basic, serial_park_tiny_pond
D:4:      layout_cave_pods, chequers_decorated_corner, minmay_liquid_box,
          nicolae_grassy_gnolls
D:5:      wad_crossroads, layout_basic, uniq_ijyb
D:6:      layout_cave_pools, kennysheep_doodads
D:7:      nicolae_cairo_tiling_large, layout_layer_cave,
          mainiacjoe_overflow_24_doors, jmf_multi_god_temple,
          minmay_temple_entry_drinking_statues, uniq_menkaure

Skill      XL: |  1  2  3  4  5  6  7  8 |
---------------+-------------------------+-----
Staves         | 1 2 3 4 |  4.9
Axes           | 4 5 6 |  6.4
Dodging        | 3 4 5 6 7 |  7.1
Fighting       | 4 5 6 |  6.4
Armour         | 3 4 5 |  5.5

Action                   |  1- 3 |  4- 6 |  7- 9 || total
-------------------------+-------+-------+-------++-------
Melee: Hand axe          |    95 |    56 |       ||   151
       Headbutt          |    10 |    13 |    14 ||    37
       Punch             |     1 |       |       ||     1
       War axe           |       |     2 |       ||     2
       Battleaxe         |       |    72 |    96 ||   168
Throw: Stone             |    10 |    24 |       ||    34
       Javelin           |       |    23 |    23 ||    46
       Dart              |       |     9 |     8 ||    17
       Boomerang         |       |     5 |    11 ||    16
Invok: Berserk           |     1 |       |     3 ||     4
  Use: Potion            |     1 |     5 |     3 ||     9
Armor: Animal skin       |     5 |       |       ||     5
       Leather armour    |    19 |       |       ||    19
       Ring mail         |     8 |     6 |       ||    14
       Plate armour      |       |    87 |    61 ||   148
Dodge: Dodged            |    70 |    54 |    43 ||   167

Table legend: (Time is in decaauts)
 A = Elapsed time spent in this place.
 B = Non-inter-level travel time spent in this place.
 C = Inter-level travel time spent in this place.
 D = Time resting spent in this place.
 E = Time spent auto-exploring this place.
 F = Levels seen in this place.
 G = Mean time per level.
                   A        B        C        D        E       F      G
               +--------+--------+--------+--------+--------+-----+--------+
         Total |   6022 |   5677 |    345 |     45 |   4495 |   7 |  860.3 |
       Dungeon |   6022 |   5677 |    345 |     45 |   4495 |   7 |  860.3 |
               +--------+--------+--------+--------+--------+-----+--------+

Top non-repeatable levels by time:
     D:4: 1326 daAuts
     D:2: 1002 daAuts
     D:5: 962 daAuts
     D:1: 889 daAuts
     D:3: 835 daAuts
     D:6: 773 daAuts
     D:7: 232 daAuts
